 Dungeon Crawl Stone Soup version 0.24-a0-361-g57161393b2 (webtiles) character file.

Game seed: 4436189804369476078

10463 MisterOstroum the Fighter (level 11, -7/90 HPs)
             Began as a Demonspawn Wanderer on May 26, 2019.
             Was an Elder of Nemelex Xobeh.
             Mangled by a skeletal warrior
             ... wielding a +0 glaive
             ... led by a skeletal warrior
              (13 damage)
             ... on level 11 of the Dungeon.
             The game lasted 00:50:25 (13422 turns).

MisterOstroum the Fighter (Demonspawn Wanderer)    Turns: 13422, Time: 00:50:26

Health: -7/90      AC: 14    Str: 15      XL:     11   Next: 36%
Magic:  17/17      EV:  5    Int: 13 (15) God:    Nemelex Xobeh [****..]
Gold:   274        SH:  0    Dex: 12      Spells: 8/10 levels left

rFire    + . .     SeeInvis .   Q - +0 dire flail
rCold    + . .     Gourm    .   (shield currently unavailable)
rNeg     + . .     Faith    .   a - +0 plate armour
rPois    .         Spirit   .   (helmet restricted)
rElec    .         Reflect  .   (no cloak)
rCorr    .         Harm     .   w - +2 pair of gloves
MR       .....                  u - +0 pair of boots
Stlth    ..........             (no amulet)
HPRegen  0.00/turn              i - ring of protection from fire
MPRegen  0.15/turn              x - ring of positive energy

@: no status effects
A: horns 1, repulsion field 1, cold resistance 1, powered by death 1, inhibited
regeneration
a: Draw Escape, Draw Destruction, Draw Summoning, Triple Draw, Deal Four,
Renounce Religion


You were on level 11 of the Dungeon.
You worshipped Nemelex Xobeh.
Nemelex Xobeh was greatly pleased with you.
You were not hungry.

You visited 1 branch of the dungeon, and saw 11 of its levels.
You also visited: Ossuary.

You collected 565 gold pieces.
You spent 291 gold pieces at shops.

Inventory:

Hand Weapons
 d - a +0 hunting sling of flaming
 N - a +2 whip of distortion
 Q - a +0 dire flail (weapon)
Missiles
 g - 20 arrows
 j - 4 boomerangs (quivered)
 k - 67 poisoned darts
 n - 240 stones
Armour
 a - a +0 plate armour (worn)
 u - a +0 pair of boots (worn)
 w - a +2 pair of gloves (worn)
Jewellery
 i - a ring of protection from fire (left hand)
 r - an uncursed ring of ice
 x - a ring of positive energy (right hand)
Wands
 h - a wand of acid (6)
 y - a wand of polymorph (12)
 D - a wand of enslavement (12)
 J - a wand of random effects (14)
 O - a wand of scattershot (5)
 P - a wand of iceblast (9)
Scrolls
 c - 9 scrolls of teleportation {@r3 !r}
 f - 2 scrolls of random uselessness {unknown}
 p - 3 scrolls of fear {unknown}
 q - 2 scrolls of magic mapping {unknown}
 s - 6 scrolls of remove curse {unknown}
 t - a scroll of noise {unknown}
 A - 2 scrolls of immolation {unknown}
 E - 3 scrolls of identify {@r1}
 F - 2 scrolls of enchant weapon {unknown}
 I - 2 scrolls of amnesia {unknown}
 M - a scroll of acquirement {unknown}
Potions
 b - 2 potions of resistance
 l - a potion of brilliance
 m - 2 potions of lignification
 o - a potion of heal wounds {@q2 !q}
 v - a potion of might {@q3 !q}
 B - 2 potions of curing {@q1 !q}
 C - 3 potions of mutation
 G - 2 potions of flight {unknown}
 H - 2 potions of invisibility {unknown}
 K - a potion of magic {unknown}
 L - a potion of haste {unknown}
Comestibles
 e - 20 rations
 z - 12 chunks of flesh


   Skills:
 + Level 10.0 Fighting
 + Level 8.3 Maces & Flails
 + Level 9.4 Throwing
 - Level 1.7 Stealth
 - Level 2.6 Unarmed Combat
 - Level 0.3 Spellcasting
 - Level 3.0 Translocations
 + Level 8.1 Invocations


You had 8 spell levels left.
You knew the following spells:

 Your Spells              Type           Power        Failure   Level  Hunger
a - Blink                 Tloc           N/A          100%        2    ###....

Your spell library contained the following spells:

 Spells                   Type           Power        Failure   Level  Hunger
 Shroud of Golubria       Chrm/Tloc      #.........   100%        2    ###....
 Gell's Gravitas          Tloc           #.........   100%        3    ####...
 Lesser Beckoning         Tloc           #.........   100%        3    ####...
 Teleport Other           Tloc           #.......     100%        3    ####...
 Passage of Golubria      Tloc           N/A          100%        4    #####..


Dungeon Overview and Level Annotations

Branches:
Dungeon (11/15)            Temple (0/1) D:6            Lair (0/6) D:8
    Orc: D:9-12

Altars:
Gozag
Hepliaklqana
Makhleb
Nemelex Xobeh
Okawaru
Ru
Wu Jian
Xom
Zin

Shops:
D:7 *(}*=   D:8 !   D:9 [

Annotations:
D:5 3 runed translucent doors, motoroller71's ghost, novice HuGl


Innate Abilities, Weirdness & Mutations

You have a pair of small horns on your head.
You are surrounded by a mild repulsion field. (EV +2)
Your flesh is cold resistant. (rC+)
You regenerate a little health from kills.
You do not regenerate when monsters are visible.


Message History

The big kobold shouts!
You hear a shout!
A meliai comes into view. It is wielding a +0 war axe.
The big kobold throws a stone.
The stone barely misses you.
The meliai moves out of view.
You see here a stone.
A big kobold is nearby!
A big kobold is nearby!
Throwing (i - inventory. (/) - cycle)
j - 4 boomerangs (quivered)
Press: ? - help, Shift-Dir - straight line, f - big kobold
Aim: a big kobold, wielding a +0 whip and wearing a +0 chain mail You throw a boomerang.
The boomerang hits the big kobold!
The big kobold is heavily wounded.
You hear an angry buzzing noise.
Throwing (i - inventory. (/) - cycle)
j - 4 boomerangs (quivered)
Press: ? - help, Shift-Dir - straight line, f/p - big kobold
Aim: a big kobold, wielding a +0 whip and wearing a +0 chain mail (heavily wounded)
You throw a boomerang.
The boomerang closely misses the big kobold.
A meliai comes into view. It is wielding a +0 war axe.
Throwing (i - inventory. (/) - cycle)
j - 4 boomerangs (quivered)
Press: ? - help, Shift-Dir - straight line, f - meliai
Aim: a meliai, wielding a +0 war axe and wearing a +0 leather armour You throw a boomerang.
The boomerang barely misses the meliai.
A meliai comes into view. It is wielding a +0 hand axe.
Throwing (i - inventory. (/) - cycle)
j - 4 boomerangs (quivered)
Press: ? - help, Shift-Dir - straight line, f/p - meliai
Aim: a meliai, wielding a +0 war axe and wearing a +0 leather armour You throw a boomerang.
The meliai buzzes angrily.
The boomerang hits the meliai but does no damage.
The meliai mumbles some strange prayers to its god against you.
Something smites you!
Throwing (i - inventory. (/) - cycle)
j - 4 boomerangs (quivered)
Press: ? - help, Shift-Dir - straight line, f/p - meliai
Aim: a meliai, wielding a +0 war axe and wearing a +0 leather armour You throw a boomerang.
The boomerang closely misses the meliai.
The boomerang hits the meliai.
The meliai is lightly wounded.
A skeletal warrior comes into view. It is wielding a +0 glaive.
Throwing (i - inventory. (/) - cycle)
j - 4 boomerangs (quivered)
Press: ? - help, Shift-Dir - straight line, f/p - meliai
Aim: a meliai, wielding a +0 war axe and wearing a +0 leather armour You throw a boomerang.
The boomerang hits the meliai!
The meliai is heavily wounded.
The meliai calls down the wrath of its god upon you.
Something smites you! The meliai hits you with a +0 war axe.
The meliai stings you.
You hear a shout!
You draw a card...
You have drawn the Tomb.
Walls emerge from the floor!
The meliai hits you with a +0 war axe!
The meliai stings you but does no damage.
A skeletal warrior comes into view. It is wielding a +0 morningstar.
Your plate armour prevents you from hitting the meliai.
Your headbutt misses the meliai.
The meliai is heavily wounded.
The meliai hits you but does no damage. The meliai barely misses you.
The meliai hits you with a +0 war axe. The meliai completely misses you.
A kobold comes into view. It is wielding a +0 dagger.
You hit the meliai.
The meliai is heavily wounded.
The meliai hits you with a +0 war axe.
The meliai stings you but does no damage.
You barely miss the meliai.
The meliai is heavily wounded.
The meliai hits you but does no damage.
The meliai stings you but does no damage.
The meliai calls upon its god to heal the meliai.
The meliai is healed somewhat.
The meliai invokes the aid of its god against you.
Something smites you!
A kobold comes into view. It is wielding a +0 dagger.
The meliai barely misses you. The meliai completely misses you.
A kobold comes into view. It is wielding a +0 short sword.
You closely miss the meliai.
The meliai is moderately wounded.
The kobold shouts!
The meliai barely misses you.
The meliai stings you but does no damage.
A skeletal warrior comes into view. It is wielding a +0 trident.
You closely miss the meliai. Your headbutt misses the meliai.
The meliai is moderately wounded.
The meliai calls upon its god to heal the meliai.
The meliai is healed somewhat.
The meliai hits you but does no damage. The meliai stings you.
The meliai hits you with a +0 war axe!
* * * LOW HITPOINT WARNING * * *
The meliai stings you but does no damage.
A skeletal warrior comes into view. It is wielding a +0 glaive.
You puncture the meliai!
The meliai is moderately wounded.
The meliai barely misses you. The meliai stings you.
* * * LOW HITPOINT WARNING * * *
The skeletal warrior hits you from afar with a +0 glaive!
* * * LOW HITPOINT WARNING * * *
A kobold comes into view.
You draw a card...
You have drawn the Tomb.
Nothing appears to happen.
The meliai hits you but does no damage. The meliai barely misses you.
The skeletal warrior hits you from afar with a +0 glaive!
You die...
Your body glows with a rainbow of weird colours and disappears.

......".......(....# #....####
......([(....(.....###........
.....(#######.................
......# #.................
......# #....#'###........
(<)...# #....#...#........
......# #....#...#....>.##
......# #..###...#......#
......# #..#@#...#......#
......# #..#y#...#......#
......# #..zy#...# ###...#
#...K#...#
..#...###+###z...#####
..#.........KK....
..#......z.K......
..#.......z.......
..#.รท.......


You could see 3 skeletal warriors, a big kobold, 2 meliai and 3 kobolds.

Vanquished Creatures
  3 two-headed ogres
  Pikel (D:8)
  Psyche (D:8)
  A komodo dragon (D:8)
  Sigmund (D:6)
  9 yaks
  A hungry ghost (D:11)
  Menkaure (D:7)
  A soldier ant (D:9)
  3 slaves (D:8)
  3 orc warriors
  4 sky beasts
  4 phantoms
  2 ogres
  An ice beast (D:8)
  A black bear (D:8)
  5 centaurs
  An elf zombie (Ossuary)
  8 bullfrogs
  A water moccasin zombie (D:4)
  4 scorpions
  7 wights
  4 killer bees
  3 howler monkeys
  4 electric eels (D:6)
  A bullfrog zombie (D:6)
  2 centaur zombies
  5 crimson imps
  A human zombie (Ossuary)
  2 hounds
  8 orc wizards
  4 orc priests
  2 bullfrog skeletons
  A jelly (D:10)
  A centaur skeleton (D:9)
  2 iguanas (D:10)
  5 worker ants
  A killer bee zombie (D:9)
  A hound zombie (D:8)
  3 mummies (Ossuary)
  A worker ant zombie (D:9)
  Robin (D:3)
  4 adders
  5 gnolls
  2 shadow imps (D:6)
  An ooze (D:6)
  4 adder skeletons
  5 adder zombies
  3 dart slugs
  7 leopard geckos
  49 orcs
  7 bats
  8 giant cockroaches
  16 goblins
  11 hobgoblins
  9 jackals
  2 ball pythons
  8 frilled lizards
  A goblin zombie (Ossuary)
  4 hobgoblin zombies (Ossuary)
  6 kobolds
  4 kobold zombies (Ossuary)
  2 quokka zombies (Ossuary)
  5 rats
  A rat zombie (Ossuary)
279 creatures vanquished.

Vanquished Creatures (collateral kills)
  A manticore (D:11)
  A wraith (D:9)
  A wyvern (D:11)
  5 killer bees
8 creatures vanquished.

Vanquished Creatures (others)
  A slave (D:8)
  2 wights (D:4)
  A howler monkey (D:4)
  2 orc wizards
  Terence (D:3)
  3 gnolls (D:6)
  2 adders
  An ooze (D:4)
  2 ball lightnings (D:8)
  A quokka (D:4)
  5 plants
21 creatures vanquished.

Grand Total: 308 creatures vanquished

Notes
Turn   | Place    | Note
-------+----------+-------------------------------------------
     0 | D:1      | MisterOstroum the Demonspawn Wanderer began the quest for
                  | the Orb.
     0 | D:1      | MisterOstroum set off with the following items: a +0 short
                  | sword, a scroll of teleportation {@r3 !r}, a +0 robe, a
                  | ration, a +0 dagger; and the following spells available to
                  | memorise: Blink, Shroud of Golubria, Gell's Gravitas,
                  | Lesser Beckoning, Teleport Other, Passage of Golubria
     0 | D:1      | Reached XP level 1. HP: 15/15 MP: 1/1
   211 | D:1      | Gained mutation: Your flesh is cold resistant. (rC+)
                  | [demonic ancestry]
   211 | D:1      | Reached XP level 2. HP: 22/22 MP: 2/2
   222 | D:1      | Reached skill level 2 in Fighting
   463 | D:1      | Found a sparkling altar of Nemelex Xobeh.
   467 | D:1      | Became a worshipper of Nemelex Xobeh the Trickster
   501 | D:1      | Received a gift from Nemelex Xobeh
   678 | D:1      | Gained mutation: You regenerate a little health from kills.
                  | [demonic ancestry]
   678 | D:1      | Reached XP level 3. HP: 28/28 MP: 3/3
  1799 | D:2      | Gained mutation: You are surrounded by a mild repulsion
                  | field. (EV +2) [demonic ancestry]
  1799 | D:2      | Reached XP level 4. HP: 34/34 MP: 4/4
  1808 | D:2      | Reached * piety under Nemelex Xobeh
  1851 | D:2      | Learned a level 2 spell: Blink
  2168 | D:2      | Received a gift from Nemelex Xobeh
  2301 | D:3      | Reached skill level 3 in Fighting
  2686 | D:3      | Noticed Terence
  2811 | D:3      | Killed Terence
  2887 | D:3      | Gained mutation: You have a pair of small horns on your
                  | head. [demonic ancestry]
  2887 | D:3      | Reached XP level 5. HP: 13/41 MP: 5/5
  2998 | D:3      | Noticed a centaur
  3025 | D:3      | Killed a centaur
  3063 | D:3      | Received a gift from Nemelex Xobeh
  3104 | D:3      | Found an iron altar of Okawaru.
  3115 | D:3      | Found an ornate altar of the Wu Jian Council.
  3125 | D:3      | Reached ** piety under Nemelex Xobeh
  3137 | D:3      | Reached XP level 6. HP: 48/48 MP: 6/6
  3137 | D:3      | Noticed Robin
  3138 | D:3      | Killed Robin
  3271 | D:3      | Found an iron altar of Okawaru.
  3523 | D:3      | Found a glowing golden altar of the Shining One.
  3523 | D:3      | Found a hazy altar of Hepliaklqana.
  3526 | D:3      | Found an opulent altar of Gozag.
  3526 | D:3      | Found a shimmering altar of Xom.
  3526 | D:3      | Found an ornate altar of the Wu Jian Council.
  3662 | D:4      | Reached skill level 4 in Fighting
  3662 | D:4      | Reached skill level 1 in Invocations
  3674 | D:4      | Reached skill level 1 in Maces & Flails
  3892 | D:4      | Noticed a sky beast
  3892 | D:4      | an ogre changed into a sky beast
  3893 | D:4      | Reached XP level 7. HP: 54/54 MP: 9/9
  4034 | D:4      | Received a gift from Nemelex Xobeh
  4061 | D:4      | Reached skill level 5 in Fighting
  4061 | D:4      | Reached skill level 5 in Throwing
  4361 | D:5      | Entered Level 5 of the Dungeon
  4392 | D:5      | Found a burning altar of Makhleb.
  4408 | D:5      | Reached *** piety under Nemelex Xobeh
  4452 | D:5      | Reached XP level 8. HP: 51/62 MP: 11/11
  5169 | D:5      | Found a runed translucent gate.
  5169 | D:5      | Found a runed translucent gate.
  5169 | D:5      | Found a runed translucent gate.
  5170 | D:5      | Noticed motoroller71's ghost (novice HuGl)
  5170 | D:5      | Identified the +3 whip of Welfare {chaos, rElec}
  5662 | D:6      | Reached skill level 6 in Fighting
  5712 | D:6      | Noticed Sigmund
  5723 | D:6      | Killed Sigmund
  5826 | D:6      | Received a gift from Nemelex Xobeh
  6159 | D:6      | Reached XP level 9. HP: 60/71 MP: 12/12
  6363 | D:6      | Reached **** piety under Nemelex Xobeh
  6365 | D:6      | Found a staircase to the Ecumenical Temple.
  6375 | D:6      | You fall into a shaft and drop 3 floors!
  6375 | D:9      | Found Qexaerr's Armour Shop.
  6377 | D:9      | Bought a +2 pair of gloves for 214 gold pieces
  6445 | D:9      | Reached skill level 5 in Maces & Flails
  6480 | D:9      | Noticed a two-headed ogre
  6496 | D:9      | Killed a two-headed ogre
  6496 | D:9      | Reached skill level 7 in Fighting
  6626 | D:9      | Received a gift from Nemelex Xobeh
  6646 | D:8      | Found Lonwi's Distillery.
  6691 | D:8      | Bought 2 potions of degeneration for 26 gold pieces
  6891 | D:7      | Found a sand-covered staircase.
  6897 | Ossuary  | Entered an ossuary
  7287 | D:7      | Found Uwuaju's Jewellery Emporium.
  7288 | D:7      | Found Qeahos's Assorted Antiques.
  7306 | D:7      | Bought a metallic red potion for 26 gold pieces
  7319 | D:7      | Found Buhacif's Gadget Boutique.
  7343 | D:7      | Found Muolixen's Weapon Shoppe.
  7351 | D:7      | Found Futoam's Assorted Antiques.
  7351 | D:7      | Noticed Menkaure
  7353 | D:7      | Killed Menkaure
  7359 | D:7      | Bought a wand of random effects (14) for 25 gold pieces
  8114 | D:6      | Received a gift from Nemelex Xobeh
  8163 | D:6      | Reached skill level 8 in Fighting
  9144 | D:7      | Found an opulent altar of Gozag.
  9362 | D:7      | Reached XP level 10. HP: 71/80 MP: 13/13
  9445 | D:8      | Noticed a two-headed ogre
  9451 | D:8      | Noticed Pikel
  9453 | D:8      | Killed a two-headed ogre
  9454 | D:8      | Killed Pikel
  9454 | D:8      | Reached skill level 5 in Invocations
  9570 | D:8      | Noticed a two-headed ogre
  9707 | D:8      | Noticed Psyche
  9708 | D:8      | Killed a two-headed ogre
  9708 | D:8      | Reached skill level 9 in Fighting
  9712 | D:8      | Received a gift from Nemelex Xobeh
  9713 | D:8      | Killed Psyche
  9867 | D:8      | Found a staircase to the Lair.
 10955 | D:9      | Found a glowing silver altar of Zin.
 11249 | D:10     | Entered Level 10 of the Dungeon
 11249 | D:10     | Reached ***** piety under Nemelex Xobeh
 11277 | D:10     | Reached XP level 11. HP: 82/89 MP: 16/16
 11836 | D:10     | Got a distressingly furry leather armour
 11837 | D:10     | Identified the +1 leather armour of Korafyco {rF+} (You
                  | found it on level 10 of the Dungeon)
 12077 | D:10     | Found a sacrificial altar of Ru.
 12282 | D:10     | Received a gift from Nemelex Xobeh
 12548 | D:11     | Gained mutation: You do not regenerate when monsters are
                  | visible. [a neqoxec]
 13392 | D:11     | Reached skill level 10 in Fighting
 13413 | D:11     | Noticed a skeletal warrior
 13415 | D:11     | Noticed a skeletal warrior
 13419 | D:11     | Noticed a skeletal warrior
 13421 | D:11     | Noticed a skeletal warrior
 13422 | D:11     | Mangled by a skeletal warrior

Levels and vault maps discovered:
D:1:      dpeg_arrival_rhombus, layout_basic, serial_glass, glass_columns_a,
          glass_columns_b, glass_columns_a, glass_columns_a,
          due_unseen_surprise, nemelex_diamond_rough_becter
D:2:      layout_basic
D:3:      layout_basic, lemuel_round_altar, doesnt_xom_only_xom,
          overflow_temple_1_default, first_ration, uniq_robin, uniq_terence
D:4:      layout_cave_pools
D:5:      layout_cave_pods, lemuel_crystal_altar, gammafunk_ghost_nasty_kobolds
D:6:      layout_cave_pools, minmay_temple_entry_antechambers, serial_bayou,
          serial_bayou_crossing, serial_bayou_lagoon_a, serial_bayou_pond_a,
          serial_bayou_lake_a, minmay_misc_feat_room,
          hangedman_decor_peaks_small, corexii_shack, uniq_sigmund
D:7:      layout_loops_ring, lemuel_coloured_pillars_altar, serial_shops, shop,
          nicolae_shop_temple_entry_statues_fountains, shop, shop, shop,
          nicolae_ossuary_entry_plus, uniq_menkaure
D:8:      layout_rooms, david_lair_shrubbed, serial_shops,
          nicolae_shop_waterfront, uniq_psyche, uniq_pikel
D:9:      layout_loops_ring, zin_academy, serial_shops, nicolae_shop_crystal
D:10:     layout_basic, basic_altar
D:11:     layout_irregular_city

Skill      XL: |  1  2  3  4  5  6  7  8  9 10 11 |
---------------+----------------------------------+-----
Fighting       | 2 3 4 5 6 8 9 10 | 10.0
Throwing       | 2 3 4 5 6 7 9 |  9.4
Translocations | 3 |  3.0
Invocations    | 3 4 7 8 |  8.1
Maces & Flails | 1 2 4 6 7 8 |  8.3
Stealth        | |  1.7
Unarmed Combat | |  2.6
Spellcasting   | |  0.3

Action                   |  1- 3 |  4- 6 |  7- 9 | 10-12 || total
-------------------------+-------+-------+-------+-------++-------
Melee: Short sword       |    77 |     1 |       |       ||    78
       Flail             |       |    53 |   349 |    12 ||   414
       Hand axe          |       |     5 |       |       ||     5
       Punch             |       |     1 |     6 |       ||     7
       Headbutt          |       |     6 |    58 |    29 ||    93
       Dire flail        |       |       |       |   189 ||   189
Throw: Boomerang         |    62 |    47 |   194 |   118 ||   421
       Dart              |     1 |     3 |     9 |       ||    13
 Cast: Blink             |       |       |     5 |       ||     5
Invok: Triple Draw       |       |       |       |     2 ||     2
 Abil: Draw Destruction  |     3 |    12 |    20 |    18 ||    53
       Draw Escape       |       |     3 |     1 |     8 ||    12
       Draw Summoning    |       |       |     1 |     4 ||     5
Evoke: Wand              |       |       |       |     1 ||     1
  Use: Scroll            |       |       |     4 |     2 ||     6
       Potion            |       |       |       |     9 ||     9
 Stab: Distracted        |       |       |     1 |     1 ||     2
  Eat: Chunk             |     3 |     3 |     9 |    10 ||    25
       Ration            |       |     1 |     3 |     2 ||     6
Armor: Robe              |    23 |    10 |       |       ||    33
       Animal skin       |       |     8 |    99 |    58 ||   165
       Scale mail        |       |       |    96 |     3 ||    99
       Plate armour      |       |       |       |    77 ||    77
Dodge: Dodged            |    68 |    44 |   278 |   179 ||   569

Table legend:
 A = Non-vault XP
 B = Vault XP
 C = Vault XP percentage of total XP
 D = Non-vault monster count
 E = Vault monster count
 F = Vault count percentage of total count
                 A         B        C        D         E       F
            +---------+---------+-------+---------+---------+-------
      Total |   12841 |    2107 |  14.1 |     257 |      39 |  13.2
            +---------+---------+-------+---------+---------+-------
        D:1 |      51 |       0 |   0.0 |      26 |       0 |   0.0
        D:2 |      51 |       0 |   0.0 |      18 |       0 |   0.0
        D:3 |     249 |      71 |  22.2 |      21 |      12 |  36.4
        D:4 |     887 |       0 |   0.0 |      28 |       0 |   0.0
        D:5 |     382 |       0 |   0.0 |      17 |       0 |   0.0
        D:6 |    1138 |     180 |  13.7 |      31 |       2 |   6.1
        D:7 |     855 |     165 |  16.2 |      14 |       1 |   6.7
        D:8 |    2967 |    1463 |  33.0 |      27 |       3 |  10.0
        D:9 |    2800 |       0 |   0.0 |      40 |       0 |   0.0
       D:10 |    2025 |       0 |   0.0 |      24 |       0 |   0.0
       D:11 |    1436 |       0 |   0.0 |      11 |       0 |   0.0
    Ossuary |       0 |     228 | 100.0 |       0 |      21 | 100.0
            +---------+---------+-------+---------+---------+-------
